 Dungeon Crawl Stone Soup version 0.31.0-9-g3a7656b989 (webtiles) character file.

Game seed: 18104367534717156696

9111 Killerpretzel the Zephyrmancer (level 11, -1/70 HPs)
             Began as a Felid Air Elementalist on Jan 31, 2024.
             Was an Initiate of Gozag.
             Slain by an eight-headed hydra (5 damage)
             ... on level 10 of the Dungeon on Feb 1, 2024.
             The game lasted 01:08:27 (16027 turns).

Killerpretzel the Zephyrmancer (FeAE)              Turns: 16027, Time: 01:08:27

Health: -1/70      AC: 25    Str:  4    XL:     11   Next: 18%
Magic:  2/23       EV:  4    Int: 22    God:    Gozag
Gold:   976        SH:  0    Dex: 18    Spells: 18/25 levels left
                                        Lives:  0   Deaths: 4

rFire   . . .        (weapon unavailable)
rCold   . . .        (shield unavailable)
rNeg    . . .        (body armour unavailable)
rPois   +            (helmet unavailable)
rElec   .            (cloak unavailable)
rCorr   .            (gloves unavailable)
SInv    +            (boots unavailable)
Will    +....        (no amulet)
Stlth   ++           r - ring of poison resistance
HPRegen 0.31/turn    (no ring)
MPRegen 0.18/turn

%: no passive effects
@: tree-form
A: stationary, stasis, torment immunity, boosted hp, very small, (claws 1),
(fangs 3), see invisible, (shaggy fur 2), (stealthy paws), no weapons or thrown
items, no armour, multi-lived
a: Renounce Religion, Potion Petition, Call Merchant, Bribe Branch


You were on level 10 of the Dungeon.
You worshipped Gozag.
Gozag was pleased with you.
You were a tree.
You visited 2 branches of the dungeon, and saw 11 of its levels.

You collected 1658 gold pieces.
You spent 33 gold pieces at shops.
You paid 649 gold pieces to Gozag.

Inventory:

Jewellery
 r - a ring of poison resistance (left branch)
Wands
 a - a wand of acid (2)
 k - a wand of digging (4)
 m - a wand of mindburst (15)
 n - a wand of paralysis (12)
 s - a wand of iceblast (6)
 u - a wand of flame (4)
Scrolls
 b - 5 scrolls of blinking
 c - a scroll of amnesia
 e - 5 scrolls of poison
 i - 4 scrolls of identify
 q - 3 scrolls of teleportation
 t - a scroll of fog
Potions
 d - 7 potions of curing
 f - a potion of haste
 g - 3 potions of mutation
 j - 3 potions of heal wounds
 l - 2 potions of berserk rage
 o - 3 potions of attraction
 p - 2 potions of resistance {unknown}
 v - 2 potions of cancellation {unknown}
Miscellaneous
 w - a sack of spiders


   Skills:
 + Level 10.0 Dodging
 - Level 2.6 Stealth
 + Level 7.6 Spellcasting
 + Level 7.2 Conjurations
 * Level 10.8 Air Magic


You had 18 spell levels left.
You knew the following spells:

 Your Spells              Type           Power      Damage    Failure   Level
a - Shock                 Conj/Air       100%       1d9       1%          1
b - Airstrike             Air            27%        2d(4-20)  1%          4
c - Static Discharge      Conj/Air       96%        3-7/arc   1%          2

Your spell library contained the following spells:

 Spells                   Type           Power      Damage    Failure   Level
 Foxfire                  Conj/Fire      96%        2x1d8     1%          1
 Sting                    Conj/Alch      96%        1d9       1%          1
 Swiftness                Air            54%        N/A       1%          3
 Apportation              Tloc           16%        N/A       8%          1
 Necrotise                Necr           32%        1d5       8%          1
 Summon Small Mammal      Summ           32%        N/A       8%          1
 Jinxbite                 Hex            16%        N/A       12%         2
 Plasma Beam              Fire/Air       16%        2x1d27    78%         6
 Alistair's Intoxication  Alch           5%         N/A       91%         5
 Starburst                Conj/Fire      12%        6d5       95%         6


Dungeon Overview and Level Annotations

Branches:
Dungeon (10/15)            Temple (1/1) D:5            Lair (0/5) D:10
    Orc (0/2) D:9

Altars:
Ashenzari
Cheibriados
Dithmenos
Elyvilon
Fedhas
Gozag
Hepliaklqana
Kikubaaqudgha
Makhleb
Nemelex Xobeh
Okawaru
Qazlal
Ru
Trog
Uskayaw
Vehumet
Wu Jian
Xom
Yredelemnul
Zin
The Shining One

Shops:
D:4 :?

Annotations:
D:5 5 runed translucent doors, exclusion: 3 doors
D:10 exclusions: yak and 3 more exclusions


Innate Abilities, Weirdness & Mutations

You are a tree.
Your roots penetrate the ground, keeping you stationary.
You cannot be teleported.
You are immune to unholy pain and torment.
Your maximum health is greatly increased.
((You have sharp claws.))
((You have razor-sharp teeth.))
You have supernaturally acute eyesight. (SInv)
((You are covered in thick fur. (AC +2)))
((Your paws help you pounce on unaware monsters.))
You are incapable of wielding weapons or throwing items.
You cannot wear armour.
You gain extra lives every three experience levels.


Message History

Aim: an eight-headed hydra (moderately wounded, empty space bonus: 8/8)
The air twists around and strikes the eight-headed hydra!!
The eight-headed hydra is severely wounded.
Casting: Airstrike (dangerous; 1% risk of failure)
Confirm with . or Enter, or press ? or * to list all spells.
Aiming: Airstrike (dangerous; 1% risk of failure)
Press: ? - help, Dir - move target, f/p - eight-headed hydra
Aim: an eight-headed hydra (severely wounded, empty space bonus: 5/8)
The air twists around and strikes the eight-headed hydra!
The eight-headed hydra is severely wounded.
The eight-headed hydra closely misses you.
The eight-headed hydra bites you!
The eight-headed hydra barely misses you. x2
The eight-headed hydra bites you!
The eight-headed hydra barely misses you.
The eight-headed hydra misses you. The eight-headed hydra bites you!
* * * LOW HITPOINT WARNING * * *
Casting: Airstrike (dangerous; 1% risk of failure)
Confirm with . or Enter, or press ? or * to list all spells.
You don't have enough magic to cast this spell.
Unknown command.
You turn into a tree.
Your roots penetrate the ground.
Casting: Airstrike (dangerous; 1% risk of failure)
Confirm with . or Enter, or press ? or * to list all spells.
Aiming: Airstrike (dangerous; 1% risk of failure)
Press: ? - help, Dir - move target, f/p - eight-headed hydra
Aim: an eight-headed hydra (heavily wounded, empty space bonus: 5/8)
The air twists around and strikes the eight-headed hydra!!
The eight-headed hydra is severely wounded.
The eight-headed hydra bites you. x2
* * * LOW HITPOINT WARNING * * *
The eight-headed hydra bites you but does no damage.
The eight-headed hydra bites you!
* * * LOW HITPOINT WARNING * * *
The eight-headed hydra bites you but does no damage. x2
The eight-headed hydra bites you.
* * * LOW HITPOINT WARNING * * *
The eight-headed hydra bites you.
You die...
Your body crumbles into a pile of gold.

######### ######### #.......#
#### #..[....#
#.......########...
#.......####...........).##...
#.......##..D♣.....#####......
#.......#..#.......# ####...
####...)...#.##.......# #...
.............##.......# #...
.###.......####.......# #...
## #.......# #.......# #... #
#.......# #.......# ###.
####.#### #.......# #. ##.#
#####.### #.


You could see an eight-headed hydra.

Vanquished Creatures
  Erolcha (D:10)
  A two-headed ogre (D:9)
  Amaemon (D:8)
  Pikel (D:6)
  An orange demon (D:8)
  2 kobold demonologists (D:10)
  2 trolls
  Grinder (D:6)
  Prince Ribbit (D:5)
  2 vampires (D:10)
  A yak (D:6)
  2 wargs (D:9)
  A water moccasin (D:5)
  Duvessa (D:6)
  An ice beast (D:6)
  6 orc warriors
  A sky beast (D:7)
  A black bear (D:8)
  3 ogres
  4 centaurs
  2 wolves
  A phantom (D:7)
  2 kobold brigands (D:10)
  2 bullfrogs
  A gnoll sergeant (D:9)
  5 scorpions
  5 wights (D:9)
  Dowan (D:6)
  An electric eel (D:10)
  2 howler monkeys
  7 crimson imps (D:7)
  8 hounds
  2 bombardier beetles
  A jelly (D:8)
  A gnoll bouda (D:8)
  9 orc priests
  2 iguanas
  18 orc wizards
  5 adders
  13 gnolls
  3 shadow imps
  3 white imps
  4 ribbon worms
  4 dart slugs
  37 orcs
  7 ball pythons
  11 endoplasms
  4 giant cockroaches
  5 goblins
  4 hobgoblins
  3 jackals (D:3)
  3 quokkas
  5 bats
  4 frilled lizards
  13 kobolds
  3 rats
235 creatures vanquished.

Notes
Turn   | Place    | Note
-------+----------+-------------------------------------------
     0 | D:1      | Killerpretzel the Felid Air Elementalist began the quest
                  | for the Orb.
     0 | D:1      | Reached XP level 1. HP: 9/9 MP: 4/4
    63 | D:1      | Reached skill level 1 in Conjurations
   205 | D:1      | Reached XP level 2. HP: 13/13 MP: 1/6
  1061 | D:2      | Reached XP level 3. HP: 16/16 MP: 5/7
  1353 | D:2      | Reached XP level 4. HP: 21/21 MP: 1/8
  1353 | D:2      | Gained a life (2 lives remaining)
  1369 | D:2      | Slain by a gnoll
  1369 | D:2      | Lost a life (1 life remaining)
  2127 | D:3      | Learned a level 4 spell: Airstrike
  2907 | D:4      | Noticed a scorpion
  2977 | D:4      | Reached XP level 5. HP: 15/24 MP: 0/10
  3334 | D:4      | Identified the +0 robe of Elyvilon's Fury {-Tele rC- Int+4
                  | Dex+7}
  3513 | D:4      | Found Gucopon's Magic Scroll Boutique.
  3908 | D:5      | Entered Level 5 of the Dungeon
  3926 | D:5      | Found a staircase to the Ecumenical Temple.
  3936 | Temple   | Entered the Ecumenical Temple
  3943 | Temple   | Became a worshipper of Gozag Ym Sagoz the Greedy
  4003 | D:5      | Gained mutation: You are covered in thick fur. (AC +2)
                  | [Felid growth]
  4003 | D:5      | Reached XP level 6. HP: 28/28 MP: 8/11
  4054 | D:5      | Noticed a water moccasin
  4265 | D:5      | Slain by an ogre
  4265 | D:5      | Lost a life (0 lives remaining)
  4275 | D:5      | Reached skill level 5 in Air Magic
  4493 | D:5      | Noticed a water moccasin
  4494 | D:5      | Noticed a water moccasin
  4495 | D:5      | Found a runed translucent door.
  4499 | D:5      | Found a runed translucent gate.
  4511 | D:5      | Found a runed translucent gate.
  4511 | D:5      | Found a runed translucent gate.
  4513 | D:5      | Noticed a redback
  4513 | D:5      | Noticed a redback
  4520 | D:5      | Found a runed translucent door.
  4527 | D:5      | Found the +9 staff of Olgreb {rPois∞}
  4573 | D:5      | Found a white marble altar of Elyvilon.
  4581 | D:5      | Found a blossoming altar of Fedhas.
  4596 | D:5      | Noticed Prince Ribbit
  4725 | D:5      | Reached XP level 7. HP: 32/32 MP: 7/13
  4725 | D:5      | Gained a life (1 life remaining)
  5280 | D:6      | Noticed Pikel
  5574 | D:6      | Noticed Dowan
  5742 | D:5      | Killed Prince Ribbit
  6282 | D:5      | Reached skill level 5 in Dodging
  6282 | D:5      | Reached XP level 8. HP: 36/36 MP: 6/15
  6928 | D:6      | Noticed Duvessa
  6933 | D:6      | Killed Duvessa
  6935 | D:6      | Killed Dowan
  7195 | D:6      | Reached skill level 5 in Spellcasting
  7294 | D:6      | Killed Pikel
  7295 | D:6      | Reached skill level 5 in Conjurations
  7295 | D:6      | Reached XP level 9. HP: 39/39 MP: 0/18
  7635 | D:6      | Noticed Grinder
  7637 | D:6      | Killed Grinder
  8872 | D:7      | Found a glowing silver altar of Zin.
  8886 | D:7      | Found a burning altar of Makhleb.
  8988 | D:7      | Learned a level 2 spell: Static Discharge
  9972 | D:8      | Noticed Amaemon
  9976 | D:8      | Noticed an orange demon
 10191 | D:8      | Killed an orange demon
 10192 | D:8      | Reached XP level 10. HP: 44/44 MP: 6/20
 10192 | D:8      | Gained a life (2 lives remaining)
 10527 | D:8      | Killed Amaemon
 11370 | D:8      | Noticed a centaur warrior
 11376 | D:8      | Noticed a white ugly thing
 11378 | D:8      | Noticed a cyclops
 11680 | D:8      | Noticed a centaur warrior
 12016 | D:4      | Bought a scroll of teleportation for 33 gold pieces
 13516 | D:9      | Found a staircase to the Orcish Mines.
 13905 | D:9      | Reached skill level 10 in Air Magic
 14159 | D:9      | Found a basalt altar of Yredelemnul.
 14399 | D:9      | Noticed a two-headed ogre
 14403 | D:9      | Killed a two-headed ogre
 14571 | D:10     | Entered Level 10 of the Dungeon
 15053 | D:10     | Found a staircase to the Lair.
 15204 | D:10     | Reached XP level 11. HP: 47/47 MP: 14/23
 15307 | D:10     | Noticed an eight-headed hydra
 15310 | D:10     | Mangled by an eight-headed hydra
 15310 | D:10     | Lost a life (1 life remaining)
 15326 | D:10     | Slain by an eight-headed hydra
 15326 | D:10     | Lost a life (0 lives remaining)
 15341 | D:10     | Noticed Erolcha
 15345 | D:10     | Killed Erolcha
 15481 | D:10     | Found a glowing golden altar of the Shining One.
 15801 | D:10     | Reached skill level 10 in Dodging
 16027 | D:10     | Slain by an eight-headed hydra

Illustrated notes

Levels and vault maps discovered:
D:1:      evilmike_arrival_plus, layout_basic, wad_floor_pattern_untrapped
D:2:      layout_loops_ring, serial_bayou_lagoon_b
D:3:      layout_basic, minmay_misc_feat_room, serial_bayou_ford_a
D:4:      layout_gridville, serial_shops, nicolae_stop_n_shop_1
D:5:      layout_basic, mainiacjoe_overflow_large_starburst, temple_pool_b,
          minmay_guarded_unrand_staff_of_olgreb, uniq_prince_ribbit1
D:6:      layout_cave_pools, hangedman_abyss_or_decor_passed,
          chequers_arboretum, kennysheep_generic_room_15, uniq_grinder,
          uniq_pikel, uniq_duvessa
D:7:      layout_loops_ring, kennysheep_mini_moat, zin_statuary,
          hangedman_abyss_or_decor_jellyfish_corner, minmay_nine_imps
D:8:      layout_layer_cave, onia_ninara_dug_in_and_dangerous, uniq_amaemon
D:9:      layout_basic, mainiacjoe_overflow_paths, erik_orc_4, chequers_garden
D:10:     layout_roguey, mainiacjoe_overflow_cross_hatched,
          nicolae_sif_muna_little_library, erik_lair_island, uniq_erolcha
Temple:   nicolae_temple_no_exploring_needed

Skill      XL: |  1  2  3  4  5  6  7  8  9 10 11 |
---------------+----------------------------------+-----
Conjurations   | 1 2 3 4 5 6 7 |  7.2
Air Magic      | 3 4 5 6 7 9 10 | 10.8
Spellcasting   | 3 4 5 6 7 |  7.6
Dodging        | 3 5 6 8 9 10 | 10.0
Stealth        | |  2.6

Action                     |  1- 3 |  4- 6 |  7- 9 | 10-12 || total
---------------------------+-------+-------+-------+-------++-------
  Melee: Unarmed           |    26 |    31 |    43 |     1 ||   101
         Bite              |     2 |     4 |     5 |       ||    11
         Punch             |       |     1 |       |       ||     1
   Cast: Shock             |    81 |   179 |   128 |    42 ||   430
         Airstrike         |       |       |    80 |   121 ||   201
         Static Discharge  |       |       |     2 |       ||     2
 Invoke: Call Merchant     |       |       |       |     1 ||     1
  Evoke: Wand              |       |       |    10 |     9 ||    19
    Use: Scroll            |     5 |     2 |     9 |     3 ||    19
         Potion            |       |       |     3 |     1 ||     4
 Armour: Skin              |    12 |    19 |    39 |    38 ||   108
  Dodge: Dodged            |    29 |    54 |    96 |    60 ||   239
